 Dungeon Crawl Stone Soup version 0.32-a0-433-g08bcfe7efd (webtiles) character file.

Game seed: 7829764832044663000

54 innerfire43 the Grave Robber (level 3, -1/26 HPs)
             Began as a Demonspawn Wanderer on Feb 22, 2024.
             Killed from afar by Sigmund (8 damage)
             ... with a puff of flame
             ... on level 2 of the Dungeon.
             The game lasted 00:02:57 (1363 turns).

innerfire43 the Grave Robber (Demonspawn Wanderer)  Turns: 1363, Time: 00:02:58

Health: -1/26      AC:  5    Str: 12    XL:     3   Next: 66%
Magic:  5/5        EV: 15    Int: 11    God:
Gold:   95         SH:  6    Dex: 21    Spells: 4/5 levels left

rFire   . . .        a - +0 dagger
rCold   . . .        d - +1 buckler
rNeg    . . .        c - +0 robe
rPois   .            (no helmet)
rElec   .            (no cloak)
rCorr   .            (no gloves)
SInv    .            f - +0 pair of boots
Will    .....        (no amulet)
Stlth   ++           k - +6 ring of dexterity
HPRegen 0.24/turn    j - +5 ring of evasion
MPRegen 0.09/turn

%: no passive effects
@: no status effects
A: yellow scales 1, demonic guardian 1
a: no special abilities


You were on level 2 of the Dungeon.
You visited 1 branch of the dungeon, and saw 2 of its levels.

You collected 95 gold pieces.

Inventory:

Hand Weapons
 a - a +0 dagger (weapon)
Armour
 c - a +0 robe (worn)
 d - a +1 buckler (worn)
 f - a +0 pair of boots (worn)
Jewellery
 g - a ring of fire
 j - a +5 ring of evasion (right hand)
 k - a +6 ring of dexterity (left hand)
Potions
 e - a potion of heal wounds {unknown}
 i - 3 potions of invisibility {unknown}


   Skills:
 + Level 1.1 Fighting
 + Level 1.6 Shields
 + Level 1.6 Spellcasting
 - Level 2.0 Hexes
 + Level 5.7 Necromancy
 + Level 1.7 Evocations


You had 4 spell levels left.
You knew the following spells:

 Your Spells              Type           Power      Damage    Failure   Level
a - Necrotise             Necr           52%        1d6       4%          1

Your spell library contained the following spells:

 Spells                   Type           Power      Damage    Failure   Level
 Slow                     Hex            20%        N/A       19%         1
 Animate Dead             Necr           13%        N/A       36%         4
 Sigil of Binding         Hex            5%         N/A       50%         3
 Martyr's Knell           Necr/Summ      7%         N/A       78%         4


Dungeon Overview and Level Annotations

Branches:
Dungeon (2/15)

Altars:

Annotations:
D:2 Sigmund


Innate Abilities, Weirdness & Mutations

You are partially covered in yellow scales. (AC +2)
A weak demonic guardian rushes to your aid.


Message History

There is an open door here.
Sigmund the Dreaded comes into view.
He is wielding a +0 scythe and carrying a wand of flame.
You see here a scroll labelled PAJEDEGOGH.
Sigmund is nearby!
Sigmund is nearby!
Sigmund is nearby!
Sigmund shouts!
There is an open door here.
You block Sigmund's attack.
You hit Sigmund but do no damage. Sigmund misses you.
You hit Sigmund.
Sigmund is lightly wounded.
Sigmund zaps a wand.
The puff of flame hits you!
You barely miss Sigmund.
Sigmund is lightly wounded.
Sigmund casts a spell at you. The puff of flame misses you.
You hit Sigmund.
Sigmund is lightly wounded.
Sigmund points at you and mumbles some strange words.
The magic dart hits you.
You are too injured to fight recklessly!
You are too injured to fight recklessly!
As you read the scroll of fear, it crumbles to dust.
You assume a fearsome visage.
Sigmund looks frightened!
Sigmund mumbles some strange words.
Sigmund flickers and vanishes!
Deactivating autopickup; reactivate with Ctrl-A.
As you read the scroll labelled PAJEDEGOGH, it crumbles to dust.
It is a scroll of enchant armour.
Your +0 buckler glows green for a moment.
You hear a zap.
A puff of flame appears from out of thin air!
The puff of flame hits you!
* * * LOW HITPOINT WARNING * * *
A demonic guardian appears!
You hear a zap.
A puff of flame appears from out of thin air!
The puff of flame hits you!
You die...

#.# #.......# #.#
#.......# #.#
#.......#####
####'####.......'...#
#...............###.#
#...............###..
#.........##.......>#
#.........###########
#...@.....#
#...5.....#
#{........#
####.###### #.# #.#
#.# ..# ##


You could see a friendly white imp (summoned).

Vanquished Creatures
  2 adders (D:2)
  A dart slug (D:2)
  3 ball pythons (D:1)
  2 endoplasms (D:1)
  4 goblins (D:1)
  3 hobgoblins (D:2)
  2 kobolds
  2 bats
  3 frilled lizards
  A rat (D:2)
23 creatures vanquished.

Vanquished Creatures (collateral kills)
  An adder (D:2)
  A ball python (D:1)
  A rat (D:2)
3 creatures vanquished.

Grand Total: 26 creatures vanquished

Notes
Turn   | Place    | Note
-------+----------+-------------------------------------------
     0 | D:1      | innerfire43 the Demonspawn Wanderer began the quest for the
                  | Orb.
     0 | D:1      | innerfire43 set off with the following items: a +0 dagger,
                  | a scroll of fear, a +0 robe, a +0 buckler; and the
                  | following spells available to memorise: Necrotise, Slow,
                  | Animate Dead, Sigil of Binding, Martyr's Knell.
     0 | D:1      | Reached XP level 1. HP: 13/13 MP: 2/2
     2 | D:1      | Learned a level 1 spell: Necrotise
   263 | D:1      | Gained mutation: A weak demonic guardian rushes to your
                  | aid. [demonic ancestry]
   263 | D:1      | Reached XP level 2. HP: 20/20 MP: 3/3
  1025 | D:2      | Gained mutation: You are partially covered in yellow
                  | scales. (AC +2) [demonic ancestry]
  1025 | D:2      | Reached XP level 3. HP: 25/25 MP: 2/5
  1088 | D:2      | Reached skill level 1 in Fighting
  1342 | D:2      | Noticed Sigmund
  1363 | D:2      | Killed from afar by Sigmund

Illustrated notes

Levels and vault maps discovered:
D:1:      tekkud_arrival_beachfront_property, layout_basic
D:2:      layout_basic, uniq_jessica, uniq_terence, uniq_sigmund

Skill      XL: |  1  2  3 |
---------------+----------+-----
Fighting       | 1 |  1.1
Shields        | |  1.6
Spellcasting   | |  1.6
Hexes          | |  2.0
Necromancy     | |  5.7
Evocations     | |  1.7

Action                     || total
---------------------------++-------
  Melee: Dagger            ||   122
   Cast: Necrotise         ||     3
    Use: Scroll            ||     2
 Armour: Robe              ||    64
  Dodge: Dodged            ||    59
  Block: Buckler           ||    41

Table legend: (Time is in decaauts)
 A = Elapsed time spent in this place.
 B = Non-inter-level travel time spent in this place.
 C = Inter-level travel time spent in this place.
 D = Time resting spent in this place.
 E = Time spent auto-exploring this place.
 F = Levels seen in this place.
 G = Mean time per level.
                   A        B        C        D        E       F      G
               +--------+--------+--------+--------+--------+-----+--------+
         Total |   1368 |   1368 |      0 |      0 |   1042 |   2 |  684.0 |
       Dungeon |   1368 |   1368 |      0 |      0 |   1042 |   2 |  684.0 |
               +--------+--------+--------+--------+--------+-----+--------+

Top non-repeatable levels by time:
     D:1: 1004 daAuts
     D:2: 363 daAuts
